 Dungeon Crawl Stone Soup version 0.27.1-34-g3ba077fa99 (webtiles) character file.

Game seed: 10105822946127885163

137 zeram the Sneak (level 5, -3/31 HPs)
             Began as an Octopode Enchanter on Jan 8, 2022.
             Slain by an orc (7 damage)
             ... on level 3 of the Dungeon.
             The game lasted 00:02:46 (2365 turns).

zeram the Sneak (Octopode Enchanter)                Turns: 2365, Time: 00:02:48

Health: -3/31      AC:  1    Str:  7    XL:     5   Next: 20%
Magic:  3/8        EV: 13    Int: 18    God:
Gold:   80         SH:  0    Dex: 13    Spells: 5/8 levels left

rFire    . . .     SeeInvis .   a - +1 dagger
rCold    . . .     Faith    .   (no shield)
rNeg     . . .     Spirit   .   (helmet restricted)
rPois    +         Reflect  .   (no amulet)
rElec    .         Harm     .   h - ring of poison resistance
rCorr    .         Rampage  .   (no ring)
Will     .....                  (no ring)
Stlth    +++++.....             (no ring)
HPRegen  0.10/turn              (no ring)
MPRegen  0.11/turn              (no ring)
                                (no ring)
                                (no ring)

@: no status effects
A: almost no armour, amphibious, 8 rings, camouflage 1, gelatinous body 1,
(nimble swimmer 1), tentacles
a: no special abilities


You were on level 3 of the Dungeon.
You visited 1 branch of the dungeon, and saw 3 of its levels.

You collected 80 gold pieces.

Inventory:

Hand Weapons
 a - a +1 dagger (weapon)
Missiles
 f - a throwing net
Jewellery
 h - a ring of poison resistance (left tentacle)
Scrolls
 b - a scroll of fog {unknown}
 c - 5 scrolls of identify {unknown}
 d - 3 scrolls of enchant armour {unknown}
 g - a scroll of fear {unknown}
 j - a scroll of holy word {unknown}
 k - a scroll of noise {unknown}
 m - 4 scrolls of enchant weapon {unknown}
Potions
 e - a potion of heal wounds {unknown}
 i - a potion of ambrosia {unknown}
 l - a potion of curing {unknown}


   Skills:
 - Level 1.0 Short Blades
 - Level 2.0 Dodging
 + Level 7.8 Stealth
 - Level 2.0 Spellcasting
 + Level 3.3 Hexes


You had 5 spell levels left.
You knew the following spells:

 Your Spells              Type           Power      Damage    Failure   Level
a - Corona                Hex            14%        N/A       4%          1
b - Ensorcelled Hibernat  Hex/Ice        14%        N/A       14%         2

Your spell library contained the following spells:

 Spells                   Type           Power      Damage    Failure   Level
 Confusing Touch          Hex            13%        N/A       14%         3
 Tukima's Dance           Hex            13%        N/A       14%         3
 Dazzling Flash           Conj/Hex       14%        N/A       26%         3


Dungeon Overview and Level Annotations

Branches:
Dungeon (3/15)

Altars:
Fedhas


Innate Abilities, Weirdness & Mutations

You cannot wear most types of armour.
You are amphibious.
You can wear up to eight rings at the same time.
Your skin changes colour to match your surroundings (Stealth+).
Your rubbery body absorbs attacks. (AC +1, EV +1)
((You are camouflaged near water. (Stealth+)))
You have tentacles for arms and can constrict up to eight enemies at once.


Message History

Unknown command.
You hit the orc. You grab the orc.
The orc is heavily wounded.
You constrict the orc. The orc hits you with a +0 flail!
* * * LOW HITPOINT WARNING * * *
You release your grip on the orc.
You hit the orc.
You kill the orc!
There is a stone staircase leading down here.
You see here a +0 chain mail.
Aiming: Corona (safe; 4% risk of failure)
Press: ? - help, Q - select action, (/) - cycle Shift-Dir - straight line, f - orc
Aim: an orc, wielding a +4 vampiric short sword (chance to affect: 67%)
The orc is outlined in light.
You hit the orc. You grab the orc.
The orc is lightly wounded.
You constrict the orc.
The orc hits you with a +4 vampiric short sword.
* * * LOW HITPOINT WARNING * * *
The orc draws strength from your wounds!
You hit the orc but do no damage. You constrict the orc.
The orc hits you with a +4 vampiric short sword.
* * * LOW HITPOINT WARNING * * *
The orc draws strength from your wounds!
Casting: Corona (safe; 4% risk of failure)
Confirm with . or Enter, or press ? or * to list all spells.
Aiming: Ensorcelled Hibernation (safe; 14% risk of failure)
Press: ? - help, Shift-Dir - straight line, f/p - orc
Aim: an orc, wielding a +4 vampiric short sword (constricted by you, softly glowing, chance to affect: 56%)
The orc resists with significant effort.
You constrict the orc. The orc closely misses you.
Casting: Ensorcelled Hibernation (safe; 14% risk of failure)
Confirm with . or Enter, or press ? or * to list all spells.
Aiming: Ensorcelled Hibernation (safe; 14% risk of failure)
Press: ? - help, Shift-Dir - straight line, f/p - orc
Aim: an orc, wielding a +4 vampiric short sword (heavily wounded, constricted by you, softly glowing, chance to affect: 56%)
The orc resists with significant effort.
You constrict the orc.
The orc hits you with a +4 vampiric short sword!
You die...

...# ##..... ##.# #.###. #.# #.#
#. #.# #################†###.
#.#########...#.................
#...........#.#.###########.####
###########...#.# #.# ##>##.#
#.#### #<[o@# #(.... ######
######


You could see an orc (corona).

Vanquished Creatures
  A centaur zombie (D:3)
  An orc wizard (D:3)
  An adder (D:2)
  3 worms (D:3)
  3 dart slugs
  An orc (D:3)
  8 bats
  4 endoplasms
  A giant cockroach (D:2)
  4 goblins
  6 hobgoblins
  4 quokkas
  5 ball pythons
  2 frilled lizards
  5 kobolds
  7 rats
56 creatures vanquished.

Notes
Turn   | Place    | Note
-------+----------+-------------------------------------------
     0 | D:1      | zeram the Octopode Enchanter began the quest for the Orb.
     0 | D:1      | Reached XP level 1. HP: 11/11 MP: 3/3
   294 | D:1      | Reached XP level 2. HP: 17/17 MP: 5/5
   330 | D:1      | Reached skill level 5 in Stealth
   701 | D:1      | Found a faded altar of an unknown god.
   847 | D:1      | Reached XP level 3. HP: 21/21 MP: 6/6
   854 | D:1      | Learned a level 2 spell: Ensorcelled Hibernation
  1087 | D:2      | Reached skill level 6 in Stealth
  1691 | D:2      | Reached XP level 4. HP: 27/27 MP: 7/7
  1881 | D:3      | Reached skill level 7 in Stealth
  2103 | D:3      | Found a blossoming altar of Fedhas.
  2327 | D:3      | Reached XP level 5. HP: 23/31 MP: 8/8
  2365 | D:3      | Slain by an orc

Illustrated notes

Levels and vault maps discovered:
D:1:      minmay_arrival_open_corners, layout_loops_ring,
          shapermc_ecumenical_altar_venn, nrook_mini_vaults
D:2:      layout_rooms, hangedman_decor_peaks_small
D:3:      layout_loops_ring, mainiacjoe_overflow_alcove_4,
          lemuel_zombie_altar_yredelemnul, serial_shops, shop, uniq_sigmund

Skill      XL: |  1  2  3  4 |
---------------+-------------+-----
Stealth        | 5 6 7 |  7.8
Short Blades   | |  1.0
Dodging        | |  2.0
Spellcasting   | |  2.0
Hexes          | |  3.3

Action                   |  1- 3 |  4- 6 || total
-------------------------+-------+-------++-------
Melee: Dagger            |    80 |    40 ||   120
       Constrict         |    12 |    10 ||    22
       Tentacles         |    13 |     9 ||    22
 Cast: Ensorcelled Hiber |       |     2 ||     2
       Corona            |       |     1 ||     1
 Stab: Sleeping          |    18 |     4 ||    22
       Distracted        |     1 |       ||     1
Armor: Skin              |     7 |    11 ||    18
Dodge: Dodged            |    45 |    22 ||    67
